 Dungeon Crawl Stone Soup version 0.31-a0-233-g139696dc86 (webtiles) character file.

Game seed: 8425626349593196160

916 qw the Skirmisher (level 8, -1/48 HPs)
             Began as a Gargoyle Hexslinger on July 8, 2023.
             Killed by divine providence
             ... invoked by an orc priest
              (9 damage)
             ... on level 6 of the Dungeon.
             The game lasted 00:02:13 (4782 turns).

qw the Skirmisher (Gargoyle Hexslinger)             Turns: 4782, Time: 00:02:13

Health: -1/48      AC: 13    Str: 12    XL:     8   Next: 9%
Magic:  0/9        EV: 11    Int: 14    God:
Gold:   248        SH:  0    Dex: 14    Spells: 8/9 levels left

rFire   + . .        Y - +3 sling
rCold   . . .        (no shield)
rNeg    + . .        m - +1 leather armour {rF+}
rPois   inf          (no helmet)
rElec   +            d - +2 cloak {rCorr}
rCorr   +            (no gloves)
SInv    .            n - +0 pair of boots
Will    .....        g - amulet of guardian spirit
Stlth   +            (no ring)
HPRegen 0.28/turn    (no ring)
MPRegen 0.11/turn

%: guardian spirit
@: no status effects
A: sickness immunity, AC +5, negative energy resistance 1, electricity
resistance, torment resistance 1, petrification resistance
a: no special abilities


You were on level 6 of the Dungeon.
You visited 1 branch of the dungeon, and saw 6 of its levels.

You collected 306 gold pieces.
You spent 58 gold pieces at shops.


Innate Abilities, Weirdness & Mutations

You are immune to sickness and miasma.
Your stone body is resilient. (AC +5)
You are immune to poison.
You resist negative energy. (rN+)
You are resistant to electric shocks. (rElec)
You are resistant to unholy torment.
You are immune to petrification.


   Skills:
 + Level 4.8 Fighting
 - Level 8.0 Ranged Weapons
 - Level 1.0 Armour
 - Level 1.5 Dodging
 - Level 1.0 Spellcasting
 - Level 2.6 Hexes


You had 8 spell levels left.
You knew the following spells:

 Your Spells              Type           Power      Damage    Failure   Level
a - Slow                  Hex            32%        N/A       11%         1

Your spell library contained the following spells:

 Spells                   Type           Power      Damage    Failure   Level
 Inner Flame              Hex/Fire       4%         N/A       50%         3
 Portal Projectile        Hex/Tloc       8%         N/A       50%         3
 Cause Fear               Hex            4%         N/A       73%         4

Inventory:

Hand Weapons
 Y - a +3 sling (weapon)
Armour
 d - a +2 cloak of preservation (worn)
 m - a +1 leather armour of fire resistance (worn)
 n - a +0 pair of boots (worn)
Jewellery
 g - an amulet of guardian spirit (around neck)
Scrolls
 a - a scroll of identify
Potions
 b - a potion of might {unknown}
 c - a potion of mutation {unknown}
 f - a potion of magic {unknown}
 i - a potion of invisibility {unknown}
 k - 2 potions of curing {unknown}
 l - a potion of resistance {unknown}

Dungeon Overview and Level Annotations

Branches:
Dungeon (6/15)
 Temple: D:4-7

Altars:
Elyvilon
Kikubaaqudgha
Makhleb
Qazlal
Trog
Vehumet
The Shining One

Shops:
D:1 *   D:5 [

Annotations:
D:6 1 transporter


Message History

The orc priest calls down the wrath of Beogh upon you.
Pain shoots through your body!
You shoot a sling bullet. The sling bullet hits the orc priest.
The orc priest is heavily wounded.
An orc comes into view. It is wielding a +0 short sword.
The orc priest calls down the wrath of Beogh upon you.
Beogh smites you! The orc warrior barely misses you.
You shoot a sling bullet. The orc shouts!
The sling bullet hits the orc priest but does no damage.
The orc priest is heavily wounded.
The orc warrior closely misses you.
You shoot a sling bullet.
The sling bullet hits the orc priest but does no damage.
The orc priest is heavily wounded.
The orc priest barely misses you. The orc hits you with a +0 flail!
The orc warrior hits you with a +0 war axe.
You shoot a sling bullet.
The sling bullet barely misses the orc priest.
The orc priest hits you but does no damage.
The orc barely misses you.
The orc warrior hits you with a +0 war axe.
You shoot a sling bullet.
The sling bullet closely misses the orc priest.
The orc priest completely misses you. The orc closely misses you.
The orc warrior hits you but does no damage.
You shoot a sling bullet.
The sling bullet barely misses the orc priest.
The orc priest hits you with a +0 falchion.
The orc barely misses you.
The orc warrior hits you with a +0 war axe.
You shoot a sling bullet.
The sling bullet barely misses the orc priest.
The orc priest barely misses you. The orc hits you with a +0 flail.
The orc warrior hits you with a +0 war axe.
You shoot a sling bullet.
The sling bullet closely misses the orc priest.
The orc priest calls down the wrath of Beogh upon you.
Beogh smites you!
You die...

......^#
##.###....
.# #.# #.
# .# #..
#. .# ####
#. . #.##o
##..o#
..##..oo#
#.....o@#
..##....#
##.#.#
#.#.#~ #
..#~.
#.#~.#
#.#.P#
#.#..#


You could see an orc warrior, an orc priest and 3 orcs.

Vanquished Creatures
  A wyvern (D:5)
  An ogre (D:5)
  3 phantoms
  A scorpion (D:4)
  A crimson imp (D:5)
  3 hounds
  An orc priest (D:4)
  2 iguanas
  An orc wizard (D:4)
  3 gnolls
  6 adders
  3 worms
  A dart slug (D:1)
  10 orcs
  4 bats
  3 endoplasms
  5 giant cockroaches
  11 goblins
  8 hobgoblins
  3 jackals (D:2)
  2 quokkas (D:2)
  6 ball pythons
  A frilled lizard (D:3)
  10 kobolds
  2 rats (D:2)
92 creatures vanquished.

Notes
Turn   | Place    | Note
-------+----------+-------------------------------------------
     0 | D:1      | qw the Gargoyle Hexslinger began the quest for the Orb.
     0 | D:1      | Reached XP level 1. HP: 12/12 MP: 2/2
     0 | D:1      | 0 ||| qw: Version: 0.3-a-46-gb1f654a
     0 | D:1      | 0 ||| qw: Game counter: 3400
     0 | D:1      | 0 ||| qw: Melee chars always use a shield: true
     0 | D:1      | 0 ||| qw: God list: Okawaru
     0 | D:1      | 0 ||| qw: Allow faded altars: false
     0 | D:1      | 0 ||| qw: Do Orc after clearing Dungeon:15 true
     0 | D:1      | 0 ||| qw: Do second Lair branch before Depths: true
     0 | D:1      | 0 ||| qw: Lair rune preference: random
     0 | D:1      | 0 ||| qw: Goals: Normal
     0 | D:1      | 0 ||| PLANNING D:1-11
    66 | D:1      | Found Cuipap's General Store.
    80 | D:1      | Reached XP level 2. HP: 16/16 MP: 3/3
    87 | D:1      | 87 ||| SHOPLISTING scroll of enchant armour (90 gold, have
                  | 15).
   175 | D:1      | Reached skill level 3 in Ranged Weapons
   556 | D:1      | 556 ||| UPGRADING to +1 cloak of preservation.
   561 | D:1      | 561 ||| DROPPING scarf of harm.
   562 | D:1      | 562 ||| UPGRADING to +0 ring mail.
   572 | D:1      | 572 ||| DROPPING +0 robe.
   573 | D:1      | 573 ||| UPGRADING to amulet of guardian spirit.
   578 | D:1      | 578 ||| READING scroll labelled ZEOJ PAYLLAU.
   579 | D:1      | 579 ||| READING scroll labelled LAMPEC OX ZIOBILY.
   580 | D:1      | 580 ||| DROPPING scroll of poison.
   667 | D:2      | Reached XP level 3. HP: 21/21 MP: 4/4
   863 | D:2      | Reached skill level 1 in Armour
  1270 | D:2      | You fall into a shaft and drop 2 floors!
  1294 | D:4      | Noticed a phantom
  1323 | D:4      | Killed a phantom
  1324 | D:4      | Reached skill level 4 in Ranged Weapons
  1324 | D:4      | Reached XP level 4. HP: 21/26 MP: 5/5
  1324 | D:4      | Reached XP level 5. HP: 24/30 MP: 6/6
  1348 | D:4      | Found a white marble altar of Elyvilon.
  1463 | D:4      | Reached skill level 5 in Ranged Weapons
  1583 | D:4      | 1583 ||| DROPPING ring of flight.
  1584 | D:4      | 1584 ||| READING scroll labelled ZURODO LUDIZ.
  1588 | D:4      | 1588 ||| READING 2 scrolls labelled CIDOSA EWUCS.
  1605 | D:4      | 1605 ||| READING scroll labelled SOUVET LABLEGG.
  1606 | D:4      | 1606 ||| READING scroll labelled VYHURCH PIONATS.
  1607 | D:4      | 1607 ||| READING scroll labelled QAMAFI UDGHE.
  1608 | D:4      | 1608 ||| READING 2 scrolls of identify.
  1608 | D:4      | 1608 ||| IDENTIFYING metallic ruby potion
  1609 | D:4      | 1609 ||| DROPPING scroll of torment.
  1621 | D:4      | 1621 ||| FLEEEEING.
  1622 | D:4      | 1622 ||| FLEEEEING.
  1631 | D:4      | 1631 ||| FLEEEEING.
  1632 | D:4      | 1632 ||| FLEEEEING.
  1633 | D:4      | 1633 ||| FLEEEEING.
  1634 | D:4      | 1634 ||| FLEEEEING.
  1635 | D:4      | 1635 ||| FLEEEEING.
  1640 | D:4      | 1640 ||| FLEEEEING.
  1641 | D:4      | 1641 ||| FLEEEEING.
  1642 | D:4      | 1642 ||| FLEEEEING.
  1643 | D:4      | 1643 ||| FLEEEEING.
  1644 | D:4      | 1644 ||| FLEEEEING.
  1651 | D:4      | 1651 ||| FLEEEEING.
  1652 | D:4      | 1652 ||| FLEEEEING.
  1665 | D:4      | 1665 ||| FLEEEEING.
  1666 | D:4      | 1666 ||| FLEEEEING.
  1667 | D:4      | 1667 ||| FLEEEEING.
  1668 | D:4      | 1668 ||| FLEEEEING.
  1669 | D:4      | 1669 ||| FLEEEEING.
  1670 | D:4      | 1670 ||| FLEEEEING.
  1671 | D:4      | 1671 ||| FLEEEEING.
  1672 | D:4      | 1672 ||| FLEEEEING.
  1673 | D:4      | 1673 ||| FLEEEEING.
  1679 | D:4      | 1679 ||| FLEEEEING.
  1680 | D:4      | 1680 ||| FLEEEEING.
  1681 | D:4      | 1681 ||| FLEEEEING.
  1682 | D:4      | 1682 ||| FLEEEEING.
  1683 | D:4      | 1683 ||| FLEEEEING.
  1684 | D:4      | 1684 ||| FLEEEEING.
  1685 | D:4      | 1685 ||| FLEEEEING.
  1686 | D:4      | 1686 ||| FLEEEEING.
  1693 | D:4      | 1693 ||| FLEEEEING.
  1694 | D:4      | 1694 ||| FLEEEEING.
  1695 | D:4      | 1695 ||| FLEEEEING.
  1696 | D:4      | 1696 ||| FLEEEEING.
  1697 | D:4      | 1697 ||| FLEEEEING.
  1698 | D:4      | 1698 ||| FLEEEEING.
  1699 | D:4      | 1699 ||| FLEEEEING.
  1700 | D:4      | 1700 ||| FLEEEEING.
  1701 | D:4      | 1701 ||| FLEEEEING.
  1702 | D:4      | 1702 ||| FLEEEEING.
  1703 | D:4      | 1703 ||| FLEEEEING.
  1704 | D:4      | 1704 ||| FLEEEEING.
  1705 | D:4      | 1705 ||| FLEEEEING.
  1706 | D:4      | 1706 ||| FLEEEEING.
  1707 | D:4      | 1707 ||| FLEEEEING.
  1708 | D:4      | 1708 ||| FLEEEEING.
  1710 | D:4      | 1710 ||| FLEEEEING.
  1711 | D:4      | 1711 ||| FLEEEEING.
  1712 | D:4      | 1712 ||| FLEEEEING.
  1713 | D:4      | 1713 ||| FLEEEEING.
  1714 | D:4      | 1714 ||| FLEEEEING.
  1718 | D:4      | 1718 ||| FLEEEEING.
  1719 | D:4      | 1719 ||| FLEEEEING.
  1720 | D:4      | 1720 ||| FLEEEEING.
  1721 | D:4      | 1721 ||| FLEEEEING.
  1722 | D:4      | 1722 ||| FLEEEEING.
  1723 | D:4      | 1723 ||| FLEEEEING.
  1724 | D:4      | 1724 ||| FLEEEEING.
  1725 | D:4      | 1725 ||| FLEEEEING.
  1732 | D:4      | 1732 ||| STAIRDANCE
  1735 | D:3      | Found a bloodstained altar of Trog.
  1789 | D:3      | 1789 ||| STAIRDANCE
  2040 | D:2      | 2040 ||| READING scroll labelled NAISOCAESY.
  2238 | D:3      | Reached skill level 3 in Fighting
  2351 | D:3      | Reached XP level 6. HP: 33/37 MP: 7/7
  2502 | D:3      | Found a glowing golden altar of the Shining One.
  3138 | D:3      | 3138 ||| READING scroll labelled MYAZXA KYEPRIJUSEC.
  3313 | D:4      | Reached skill level 6 in Ranged Weapons
  3464 | D:4      | Found an ancient bone altar of Kikubaaqudgha.
  3836 | D:5      | Entered Level 5 of the Dungeon
  3849 | D:5      | 3849 ||| STAIRDANCE
  3934 | D:5      | Reached XP level 7. HP: 34/44 MP: 5/8
  3990 | D:5      | Noticed a wyvern
  4003 | D:5      | HP: 8/44 [wyvern (5)]
  4004 | D:5      | 4004 ||| READING 2 scrolls of teleportation.
  4005 | D:5      | 4005 ||| DRINKING 2 potions of heal wounds.
  4058 | D:5      | Found Zerautem's Armour Emporium.
  4080 | D:5      | 4080 ||| READING scroll of enchant armour.
  4080 | D:5      | 4080 ||| ENCHANTING +1 cloak of preservation.
  4088 | D:5      | 4088 ||| BUYING +0 pair of boots (58 gold).
  4088 | D:5      | Bought a +0 pair of boots for 58 gold pieces
  4088 | D:5      | 4088 ||| SHOPLISTING +2 pair of gloves of hurling (279
                  | gold, have 221).
  4088 | D:5      | 4088 ||| SHOPLISTING +2 robe of cold resistance (230 gold,
                  | have 221).
  4131 | D:5      | 4131 ||| READING scroll of enchant weapon.
  4131 | D:5      | 4131 ||| ENCHANTING +2 sling.
  4156 | D:5      | HP: 9/44 [ogre/+0 giant spiked club (6)]
  4157 | D:5      | 4157 ||| READING 2 scrolls of teleportation.
  4158 | D:5      | 4158 ||| DRINKING potion of heal wounds.
  4177 | D:5      | 4177 ||| READING scroll of teleportation.
  4179 | D:5      | Killed a wyvern
  4180 | D:5      | Reached skill level 7 in Ranged Weapons
  4363 | D:5      | Reached XP level 8. HP: 48/48 MP: 9/9
  4552 | D:5      | Reached skill level 8 in Ranged Weapons
  4667 | D:5      | Found a burning altar of Makhleb.
  4677 | D:5      | Found a radiant altar of Vehumet.
  4681 | D:5      | 4681 ||| UPGRADING to +1 leather armour of fire resistance.
  4691 | D:5      | 4691 ||| DROPPING +0 ring mail.
  4692 | D:5      | 4692 ||| UPGRADING to +0 pair of boots.
  4697 | D:5      | 4697 ||| READING scroll labelled WINEDI FOSHREE.
  4720 | D:6      | 4720 ||| PLANNING SEWER
  4734 | D:6      | Found a transporter.
  4766 | D:6      | Noticed an orange demon
  4767 | D:6      | Found a stormy altar of Qazlal.
  4781 | D:6      | HP: 7/48 [orc warrior/+0 war axe (6)]
  4782 | D:6      | Killed from afar by an orc priest

Levels and vault maps discovered:
D:1:      amcnicky_arrival_gap_in_the_tavern_cellar, layout_basic, serial_shops,
          shop
D:2:      layout_loops_corners, nrook_uturn, guppyfry_early_lair_pool
D:3:      layout_basic, overflow_temple_1_default,
          nicolae_tso_swordbearing_angel
D:4:      layout_loops_ring, lemuel_doored_altar,
          mainiacjoe_overflow_surrounded_room
D:5:      layout_basic, grunt_temple_overflow_lords_of_destruction,
          serial_shops, shop, chequers_mini_garden
D:6:      layout_loops_ring, mainiacjoe_overflow_alcove_1,
          minmay_temple_entry_waves, portal_sewer_entry_a,
          gammafunk_ghost_abyssal_escape, serial_aquarium,
          aquarium_bridge_square [aquarium_subvault_wall,
          aquarium_subvault_bridge, aquarium_subvault_bridge,
          aquarium_subvault_window], aquarium_window_corner, aquarium_window_3,
          aquarium_window_corner, aquarium_view_2d, lightli_church_of_beogh

Skill      XL: |  1  2  3  4  5  6  7  8 |
---------------+-------------------------+-----
Ranged Weapons | 3 4 5 6 7 8 |  8.0
Fighting       | 2 3 4 |  4.8
Armour         | 1 |  1.0
Dodging        | |  1.5
Spellcasting   | |  1.0
Hexes          | |  2.6

Action                     |  1- 3 |  4- 6 |  7- 9 || total
---------------------------+-------+-------+-------++-------
  Melee: Unarmed           |       |       |     2 ||     2
   Fire: Sling             |   178 |   209 |    97 ||   484
    Use: Scroll            |     2 |     8 |     6 ||    16
         Potion            |       |       |     2 ||     2
 Armour: Robe              |     9 |       |       ||     9
         Ring mail         |    50 |    71 |    47 ||   168
         Leather armour    |       |       |     2 ||     2
         Skin              |       |       |     1 ||     1
  Dodge: Dodged            |    83 |    76 |    70 ||   229

Table legend:
 A = Non-vault XP
 B = Vault XP
 C = Vault XP percentage of total XP
 D = Non-vault monster count
 E = Vault monster count
 F = Vault count percentage of total count
                 A         B        C        D         E       F
            +---------+---------+-------+---------+---------+-------
      Total |    1261 |      48 |   3.7 |      91 |       1 |   1.1
            +---------+---------+-------+---------+---------+-------
        D:1 |      30 |       0 |   0.0 |      16 |       0 |   0.0
        D:2 |      52 |       0 |   0.0 |      22 |       0 |   0.0
        D:3 |     112 |       0 |   0.0 |      20 |       0 |   0.0
        D:4 |     357 |       0 |   0.0 |      20 |       0 |   0.0
        D:5 |     710 |      48 |   6.3 |      13 |       1 |   7.1
            +---------+---------+-------+---------+---------+-------
